 Dungeon Crawl Stone Soup version 0.23.2-33-g5129a83184 (webtiles) character file.

Game seed: 26680676138949589

2657 troglodite the Stinger (level 9, -9/66 HPs)
             Began as a Gnoll Wanderer on July 22, 2019.
             Was a Follower of Ashenzari.
             Mangled by a yak (13 damage)
             ... on level 7 of the Dungeon.
             The game lasted 00:34:27 (10489 turns).

troglodite the Stinger (Gnoll Wanderer)            Turns: 10489, Time: 00:34:28

Health: -9/66      AC:  9    Str: 13    XL:     9   Next: 62%
Magic:  16/16      EV: 15    Int: 18    God:    Ashenzari [*.....]
Gold:   454        SH:  0    Dex: 21    Spells: 12/18 levels left

rFire    . . .     SeeInvis .   C - +1 hand axe (freeze)
rCold    . . .     Gourm    .   (no shield)
rNeg     . . .     Faith    .   u - +0 leather armour (curse)
rPois    .         Spirit   .   (no helmet)
rElec    .         Reflect  .   (no cloak)
rCorr    .         Harm     .   (no gloves)
MR       .....                  (no boots)
Stlth    +++.......             o - amulet of rage
HPRegen  0.21/turn              c - +6 ring of protection (curse)
MPRegen  0.15/turn              B - +5 ring of dexterity

@: no status effects
A: distributed training, fangs 1, strong nose
a: Curse Item, Scrying, Renounce Religion, Evoke Berserk Rage


You were on level 7 of the Dungeon.
You worshipped Ashenzari.
Ashenzari was aware of your devotion.
You were hungry.

You visited 2 branches of the dungeon, and saw 9 of its levels.

You collected 454 gold pieces.

Inventory:

Hand Weapons
 C - a +1 hand axe of freezing (weapon)
Armour
 i - a +0 ring mail
 u - a cursed +0 leather armour (worn)
Jewellery
 c - a cursed +6 ring of protection (left hand)
 l - an uncursed ring of see invisible
 o - an amulet of rage (around neck)
 p - an uncursed ring of protection from cold
 B - a +5 ring of dexterity (right hand)
 G - an uncursed ring of wizardry
 H - an uncursed ring of wizardry
Wands
 e - a wand of enslavement (15)
 j - a wand of polymorph (6)
 m - a wand of iceblast (5)
Scrolls
 b - 3 scrolls of teleportation {unknown}
 d - a scroll of noise {unknown}
 g - 7 scrolls of enchant weapon {unknown}
 n - 4 scrolls of enchant armour {unknown}
 r - 4 scrolls of amnesia {unknown}
 s - 3 scrolls of blinking {unknown}
 v - 3 scrolls of immolation {unknown}
 y - a scroll of magic mapping {unknown}
 A - a scroll of fear {unknown}
 E - 3 scrolls of remove curse
Potions
 a - a potion of degeneration {unknown}
 h - a potion of mutation
 k - 4 potions of might
 q - 2 potions of agility
 t - 2 potions of haste
 w - 3 potions of flight
 x - 3 potions of resistance
 z - a potion of berserk rage
 D - 2 potions of brilliance {unknown}
 F - a potion of magic {unknown}
 I - a potion of ambrosia {unknown}
Comestibles
 f - 15 rations


   Skills:
 + Level 4.3 Fighting
 + Level 4.3 Short Blades
 + Level 4.3 Long Blades
 + Level 5.1 Axes
 + Level 4.3 Maces & Flails
 + Level 4.3 Polearms
 + Level 4.3 Staves
 + Level 4.3 Slings
 + Level 4.3 Bows
 + Level 4.3 Crossbows
 + Level 4.3 Throwing
 + Level 6.4 Armour
 + Level 4.3 Dodging
 + Level 4.3 Stealth
 + Level 4.3 Shields
 + Level 4.3 Unarmed Combat
 + Level 5.2 Spellcasting
 + Level 3.6 Conjurations
 + Level 3.6 Hexes
 + Level 3.6 Charms
 + Level 3.6 Summonings
 + Level 3.6 Necromancy
 + Level 3.6 Translocations
 + Level 3.6 Transmutations
 + Level 4.2 Fire Magic
 + Level 3.6 Ice Magic
 + Level 3.6 Air Magic
 + Level 3.6 Earth Magic
 + Level 6.6 Poison Magic
 + Level 4.8 Invocations
 + Level 6.4 Evocations


You had 12 spell levels left.
You knew the following spells:

 Your Spells              Type           Power        Failure   Level  Hunger
a - Sting                 Conj/Pois      ###.         1%          1    None
b - Confuse               Hex            ###.....     11%         3    ##.....
c - Passwall              Tmut/Erth      ###.....     5%          2    #......

Your spell library contained the following spells:

 Spells                   Type           Power        Failure   Level  Hunger
 Animate Skeleton         Necr           N/A          3%          1    None
 Apportation              Tloc           ###...       3%          1    None
 Confusing Touch          Hex            ###...       3%          1    None
 Infusion                 Chrm           ###.         3%          1    None
 Summon Small Mammal      Summ           ###.         3%          1    None
 Sticks to Snakes         Tmut           ###.....     5%          2    #......
 Spider Form              Tmut/Pois      ###.......   6%          3    ##.....
 Mephitic Cloud           Conj/Pois/Air  ###.....     7%          3    ##.....
 Gell's Gravitas          Tloc           ###.......   11%         3    ##.....
 Ice Form                 Ice/Tmut       ###.....     34%         4    ####...
 Petrify                  Tmut/Erth      ###.....     34%         4    ####...
 Blade Hands              Tmut           ###.......   69%         5    ######.
 Metabolic Englaciation   Hex/Ice        ###.......   69%         5    ######.
 Yara's Violent Unravell  Hex/Tmut       ###.......   69%         5    ######.


Dungeon Overview and Level Annotations

Branches:
Dungeon (8/15)             Temple (1/1) D:5
   Lair: D:8-11

Altars:
Ashenzari
Cheibriados
Dithmenos
Elyvilon
Fedhas
Gozag
Hepliaklqana
Kikubaaqudgha
Makhleb
Nemelex Xobeh
Okawaru
Qazlal
Ru
Sif Muna
Trog
Uskayaw
Vehumet
Wu Jian
Xom
Yredelemnul
Zin
The Shining One

Shops:
D:4 (   D:7 *}[*

Annotations:
D:2 Sigmund


Innate Abilities, Weirdness & Mutations

Your experience applies equally to all skills.
You have very sharp teeth.
Your uncanny sense of smell can sniff out nearby items.


Message History

You climb upwards.
There is a stone staircase leading down here.
You fail to use your ability.
The yak closely misses you.
You hit the yak but do no damage. You bite the yak.
The yak is severely wounded.
The yak closely misses you.
You hit the yak but do no damage.
The yak is severely wounded.
The yak barely misses you.
You hit the yak. You freeze the yak. You punch the yak, but do no damage.
The yak is almost dead.
The yak barely misses you.
You hit the yak. You freeze the yak.
The yak is almost dead.
The yak gores you!
* * * LOW HITPOINT WARNING * * *
You hit the yak but do no damage. You bite the yak.
The yak is almost dead.
The yak gores you!
You die...

##.##...........##### #
......#.#######.# # ........# #.#
############ ......#.# #.#
#...........
##.##.#.#######.######.#########.
##..................##.# #.
##.........####..##.##.# #.
.......................#########.
........####....@............)...
##.####.# #.###Y.........##.##..
#.# #.# #.# ##########.##.##..
##.####.# #.# ########.##.##..
........# #.# #........##.....
######### #.# #.############..
#.# #.# #....... ######.# #.#
#.####.# #######......# #.# #.#
#.#


You could see a yak.

Vanquished Creatures
  A hippogriff (D:6)
  A yak (D:8)
  An orc warrior (D:8)
  2 sky beasts
  2 ice beasts (D:6)
  A black bear (D:6)
  2 ogres (D:6)
  A centaur (D:6)
  4 bullfrogs
  A wyvern skeleton (D:7)
  3 killer bees (D:7)
  4 wights (D:6)
  2 howler monkeys
  6 crimson imps
  A centaur zombie (D:7)
  2 centaur skeletons
  5 orc wizards
  An iguana (D:4)
  A worker ant (D:4)
  2 worker ant zombies
  4 gnolls
  A howler monkey zombie (D:6)
  4 adders
  7 river rats (D:5)
  4 shadow imps
  3 oozes
  2 adder zombies
  4 worms
  3 dart slugs
  4 leopard geckos
  21 orcs
  A giant cockroach (D:5)
  5 goblins
  4 hobgoblins
  16 jackals
  11 quokkas
  2 ball pythons (D:2)
  A ball python skeleton (D:4)
  3 bats
  5 frilled lizards
  2 kobolds (D:2)
  A leopard gecko zombie (D:5)
  3 quokka skeletons
  18 rats
172 creatures vanquished.

Notes
Turn   | Place    | Note
-------+----------+-------------------------------------------
     0 | D:1      | troglodite the Gnoll Wanderer began the quest for the Orb.
     0 | D:1      | troglodite set off with the following items: a +0 club, a
                  | +0 robe, a wand of enslavement (15), a ration; and the
                  | following spell memorised: Sting; and the following spells
                  | available to memorise: Spider Form, Mephitic Cloud
     0 | D:1      | Reached XP level 1. HP: 13/13 MP: 4/4
   439 | D:1      | Reached XP level 2. HP: 19/19 MP: 2/5
   988 | D:2      | Reached XP level 3. HP: 25/25 MP: 5/7
  1342 | D:2      | Noticed Sigmund
  1373 | D:2      | Reached skill level 1 in Invocations
  1943 | D:3      | Reached skill level 1 in Fighting
  1943 | D:3      | Reached skill level 1 in Short Blades
  1943 | D:3      | Reached skill level 1 in Long Blades
  1943 | D:3      | Reached skill level 1 in Maces & Flails
  1943 | D:3      | Reached skill level 1 in Polearms
  1943 | D:3      | Reached skill level 1 in Staves
  1943 | D:3      | Reached skill level 1 in Slings
  1943 | D:3      | Reached skill level 1 in Bows
  1943 | D:3      | Reached skill level 1 in Crossbows
  1943 | D:3      | Reached skill level 1 in Throwing
  1943 | D:3      | Reached skill level 1 in Dodging
  1943 | D:3      | Reached skill level 1 in Stealth
  1943 | D:3      | Reached skill level 1 in Shields
  1943 | D:3      | Reached skill level 1 in Unarmed Combat
  2006 | D:3      | Reached XP level 4. HP: 23/32 MP: 8/8
  2819 | D:4      | Found Guaxioch's Weapon Emporium.
  3050 | D:4      | Reached skill level 1 in Conjurations
  3050 | D:4      | Reached skill level 1 in Hexes
  3050 | D:4      | Reached skill level 1 in Charms
  3050 | D:4      | Reached skill level 1 in Summonings
  3050 | D:4      | Reached skill level 1 in Necromancy
  3050 | D:4      | Reached skill level 1 in Translocations
  3050 | D:4      | Reached skill level 1 in Transmutations
  3050 | D:4      | Reached skill level 1 in Ice Magic
  3050 | D:4      | Reached skill level 1 in Air Magic
  3050 | D:4      | Reached skill level 1 in Earth Magic
  3050 | D:4      | Reached XP level 5. HP: 37/37 MP: 2/9
  4101 | D:5      | Entered Level 5 of the Dungeon
  4164 | D:5      | Found a staircase to the Ecumenical Temple.
  4173 | D:5      | Reached XP level 6. HP: 40/44 MP: 2/10
  4223 | Temple   | Entered the Ecumenical Temple
  4233 | Temple   | Became a worshipper of Ashenzari the Shackled
  4738 | D:5      | Reached skill level 5 in Armour
  4738 | D:5      | Reached skill level 5 in Evocations
  4755 | D:5      | Learned a level 3 spell: Confuse
  5253 | D:5      | Reached XP level 7. HP: 41/50 MP: 12/12
  6563 | D:6      | Reached XP level 8. HP: 57/57 MP: 9/14
  7293 | D:6      | Found a hide-covered altar of Uskayaw.
  7823 | D:6      | Noticed a hippogriff
  7838 | D:6      | HP: 2/59 [hippogriff (6)]
  7841 | D:6      | Killed a hippogriff
  7841 | D:6      | Reached XP level 9. HP: 44/65 MP: 13/16
  8347 | D:7      | Found Tirphoul's Gadget Shop.
  9029 | D:7      | Found Zuitreg's Weapon Shoppe.
  9342 | D:7      | Reached skill level 5 in Spellcasting
  9548 | D:7      | Found Muturi's Armour Emporium.
  9550 | D:7      | Identified the Almanac of Boosting Transmutation
  9618 | D:7      | Learned a level 2 spell: Passwall
  9697 | D:7      | Found Gionkete's Assorted Antiques.
  9816 | D:7      | Reached * piety under Ashenzari
  9835 | D:7      | Found Uxus's General Store.
 10047 | D:8      | Reached skill level 5 in Axes
 10488 | D:7      | HP: 3/66 [yak (13)]
 10489 | D:7      | Mangled by a yak

Skill      XL: |  1  2  3  4  5  6  7  8  9 |
---------------+----------------------------+-----
Fire Magic     | 2 3 4 |  4.2
Invocations    | 1 2 3 4 |  4.8
Fighting       | 1 2 3 4 |  4.3
Short Blades   | 1 2 3 4 |  4.3
Long Blades    | 1 2 3 4 |  4.3
Maces & Flails | 1 2 3 4 |  4.3
Polearms       | 1 2 3 4 |  4.3
Staves         | 1 2 3 4 |  4.3
Slings         | 1 2 3 4 |  4.3
Bows           | 1 2 3 4 |  4.3
Crossbows      | 1 2 3 4 |  4.3
Throwing       | 1 2 3 4 |  4.3
Dodging        | 1 2 3 4 |  4.3
Stealth        | 1 2 3 4 |  4.3
Shields        | 1 2 3 4 |  4.3
Unarmed Combat | 1 2 3 4 |  4.3
Spellcasting   | 3 4 5 |  5.2
Conjurations   | 1 2 3 |  3.6
Hexes          | 1 2 3 |  3.6
Charms         | 1 2 3 |  3.6
Summonings     | 1 2 3 |  3.6
Necromancy     | 1 2 3 |  3.6
Translocations | 1 2 3 |  3.6
Transmutations | 1 2 3 |  3.6
Ice Magic      | 1 2 3 |  3.6
Air Magic      | 1 2 3 |  3.6
Earth Magic    | 1 2 3 |  3.6
Axes           | 3 4 5 |  5.1
Armour         | 5 6 |  6.4
Evocations     | 5 6 |  6.4
Poison Magic   | 6 |  6.6

Action                   |  1- 3 |  4- 6 |  7- 9 || total
-------------------------+-------+-------+-------++-------
Melee: Club              |    93 |   127 |       ||   220
       Bite              |     9 |    25 |    97 ||   131
       Punch             |     1 |     3 |    10 ||    14
       Dagger            |       |   205 |   255 ||   460
       Hand axe          |       |       |   315 ||   315
 Cast: Sting             |    39 |    77 |    73 ||   189
       Passwall          |       |       |     2 ||     2
Invok: Curse Item        |       |     1 |       ||     1
 Abil: Evoke Berserk Rag |       |     2 |     6 ||     8
  Use: Scroll            |       |       |     7 ||     7
       Potion            |       |       |     1 ||     1
 Stab: Sleeping          |       |       |     2 ||     2
  Eat: Chunk             |     3 |    13 |     9 ||    25
       Ration            |       |       |     4 ||     4
Armor: Robe              |     3 |       |       ||     3
       Ring mail         |    63 |   167 |   121 ||   351
       Leather armour    |       |       |   131 ||   131
Dodge: Dodged            |    75 |   194 |   359 ||   628
